 Dungeon Crawl Stone Soup version 0.30-a0-622-gddc90eaa04 (webtiles) character file.

Game seed: 9770177350840573942

57 ragingrage the Slasher (level 4, -4/39 HPs)
             Began as a Naga Warper on Jan 10, 2023.
             Splashed by a jelly's acid (10 damage)
             ... on level 3 of the Dungeon.
             The game lasted 00:02:11 (1960 turns).

ragingrage the Slasher (Naga Warper)                Turns: 1960, Time: 00:02:12

Health: -4/39      AC: -5    Str: 13    XL:     4   Next: 0%
Magic:  7/7        EV:  9    Int: 13    God:
Gold:   74         SH:  0    Dex: 13    Spells: 7/7 levels left

rFire   . . .      SeeInvis +    a - +0 long sword
rCold   . . .      Faith    .    (no shield)
rNeg    . . .      Spirit   .    n - +0 leather armour
rPois   +          Reflect  .    (no helmet)
rElec   .          Harm     .    (no cloak)
rCorr   .          Rampage  .    (no gloves)
Will    .....                    (no barding)
Stlth   +                        (no amulet)
HPRegen 0.26/turn                (no ring)
MPRegen 0.10/turn                (no ring)

@: short of breath, corroded, very slow
A: AC +1, large, see invisible, deformed body, poison resistance, slowness 2,
spit poison 1, naga tail 1
a: Spit Poison


You were on level 3 of the Dungeon.
You visited 1 branch of the dungeon, and saw 3 of its levels.

You collected 74 gold pieces.

Inventory:

Hand Weapons
 a - a +0 long sword (weapon)
 b - a +0 dagger
Missiles
 d - 7 boomerangs of dispersal (quivered)
 e - 13 poisoned darts
 m - 2 boomerangs
Armour
 n - a +0 leather armour (worn)
Scrolls
 c - 2 scrolls of blinking
 f - a scroll of magic mapping {unknown}
 g - a scroll of noise {unknown}
 i - a scroll of enchant weapon {unknown}
 j - a scroll of torment {unknown}
 k - a scroll of fog {unknown}
 l - 3 scrolls of identify {unknown}
 o - a scroll of amnesia {unknown}
Potions
 h - a potion of cancellation {unknown}


   Skills:
 - Level 2.0 Fighting
 + Level 4.0 Long Blades
 - Level 0.8 Throwing
 - Level 0.7 Armour
 - Level 1.5 Dodging
 + Level 1.3 Stealth
 - Level 2.0 Spellcasting
 - Level 3.0 Translocations


You had 7 spell levels left.
You didn't know any spells.
Your spell library contained the following spells:

 Spells                   Type           Power      Damage    Failure   Level
 Apportation              Tloc           18%        N/A       10%         1
 Blink                    Tloc           18%        N/A       14%         2
 Lesser Beckoning         Tloc           18%        N/A       28%         3
 Teleport Other           Tloc           9%         N/A       28%         3
 Necrotise                Necr           4%         1d4       32%         1
 Summon Small Mammal      Summ           4%         N/A       32%         1
 Ensorcelled Hibernation  Hex/Ice        2%         N/A       43%         2
 Vhi's Electric Charge    Tloc/Air       10%        N/A       45%         3
 Spider Form              Tmut/Pois      1%         N/A       67%         3
 Manifold Assault         Tloc           9%         N/A       67%         4
 Anguish                  Hex/Necr       0%         N/A       97%         4


Dungeon Overview and Level Annotations

Branches:
Dungeon (3/15)

Altars:
Nemelex Xobeh


Innate Abilities, Weirdness & Mutations

Your serpentine skin is tough. (AC +1)
You have supernaturally acute eyesight. (SInv)
Armour fits poorly on your strangely shaped body.
Your system is resistant to poisons. (rPois)
You cover ground very slowly.
You can spit poison.
You have a snake-like lower body.


Message History

Your Long Blades skill increases to level 4!
Your Stealth skill increases to level 1!
You have reached level 4!
You feel agile.
You see here a +0 whip.
You start resting.
HP restored.
You see here a +0 long sword.
p - a +0 long sword
Okay, then.
Adjust (i)tems, (s)pells, or (a)bilities?
p - a +0 long sword Adjust to which letter? (? for menu, Esc to quit)
a - a +0 long sword;
p - a +0 falchion (weapon)
a - a +0 long sword (weapon)
You drop a +0 falchion.
There is a stone staircase leading up here.
b - a +0 dagger (weapon)
The jelly quivers.
a - a +0 long sword (weapon)
You hit the jelly. The acid corrodes you!
Your hands burn!
The jelly is moderately wounded.
The jelly hits you. The acid corrodes you!
You are splashed with acid!
The jelly misses you.
You hit the jelly but do no damage.
Your hands burn!
The jelly is moderately wounded.
The jelly closely misses you.
Aiming: Spit Poison (1% risk of failure)
Press: ? - help, Shift-Dir - straight line, f - jelly
Aim: a jelly (moderately wounded, 100% to hit)
The splash of poison hits the jelly.
The jelly is moderately wounded.
The jelly hits you.
You are splashed with acid!
You hit the jelly.
Your hands burn!
* * * LOW HITPOINT WARNING * * *
The jelly is heavily wounded.
The jelly hits you.
* * * LOW HITPOINT WARNING * * *
You are splashed with acid!
You die...

.# #.# #.# ## # #.#
#.###.###
#.####.......
#########........#.#
..........##
#.J..#####
########...#
#.@....... #..).†.#
#..#.##### #.##...#
#.<# .. #.######
#.## #.# #.# ### #.#
# #.# #...##.# #.#
#.# #.#.###.# #.##.#
#).....# #.#.#
##.###.#


You could see a jelly.

Vanquished Creatures
  An adder (D:3)
  3 dart slugs
  7 bats
  2 endoplasms (D:1)
  2 giant cockroaches (D:1)
  6 goblins
  7 hobgoblins
  A quokka (D:2)
  2 ball pythons
  4 frilled lizards
  6 rats
41 creatures vanquished.

Notes
Turn   | Place    | Note
-------+----------+-------------------------------------------
     0 | D:1      | ragingrage the Naga Warper began the quest for the Orb.
     0 | D:1      | Reached XP level 1. HP: 19/19 MP: 3/3
   181 | D:1      | Reached XP level 2. HP: 23/26 MP: 5/5
   299 | D:1      | Reached skill level 3 in Long Blades
   478 | D:1      | Reached XP level 3. HP: 23/32 MP: 6/6
  1595 | D:3      | Found a sparkling altar of Nemelex Xobeh.
  1596 | D:3      | Noticed Terence
  1801 | D:3      | Reached skill level 4 in Long Blades
  1801 | D:3      | Reached skill level 1 in Stealth
  1801 | D:3      | Reached XP level 4. HP: 6/39 MP: 7/7
  1960 | D:3      | Splashed by a jelly's acid

Illustrated notes

Levels and vault maps discovered:
D:1:      wander_arrival_peaceful_grave, layout_rooms,
          minmay_misc_feat_nine_boxes, chequers_serial_rivers_large_a
D:2:      layout_loops_cross
D:3:      layout_loops_ring, mainiacjoe_overflow_concentric_impassable,
          nemelex_spade_bored_becter, dk_noncrumbling_4, uniq_terence

Skill      XL: |  1  2  3 |
---------------+----------+-----
Long Blades    | 3 4 |  4.0
Stealth        | 1 |  1.3
Fighting       | |  2.0
Throwing       | |  0.8
Armour         | |  0.7
Dodging        | |  1.5
Spellcasting   | |  2.0
Translocations | |  3.0

Action                   |  1- 3 |  4- 6 || total
-------------------------+-------+-------++-------
Melee: Falchion          |   122 |       ||   122
       Punch             |     1 |       ||     1
       Dagger            |     1 |       ||     1
       Long sword        |       |     3 ||     3
 Abil: Spit Poison       |    11 |     1 ||    12
 Stab: Sleeping          |     1 |       ||     1
Armor: Leather armour    |    39 |       ||    39
Dodge: Dodged            |    77 |     2 ||    79

Table legend: (Time is in decaauts)
 A = Elapsed time spent in this place.
 B = Non-inter-level travel time spent in this place.
 C = Inter-level travel time spent in this place.
 D = Time resting spent in this place.
 E = Time spent auto-exploring this place.
 F = Levels seen in this place.
 G = Mean time per level.
                   A        B        C        D        E       F      G
               +--------+--------+--------+--------+--------+-----+--------+
         Total |   2513 |   2339 |    174 |    305 |   1610 |   3 |  837.7 |
       Dungeon |   2513 |   2339 |    174 |    305 |   1610 |   3 |  837.7 |
               +--------+--------+--------+--------+--------+-----+--------+

Top non-repeatable levels by time:
     D:1: 1019 daAuts
     D:2: 1009 daAuts
     D:3: 484 daAuts
